 Dungeon Crawl Stone Soup version 0.32-a0-12-g7fc57aa741 (webtiles) character file.

Game seed: 3758258811597123264

327 croobank the Sneak (level 6, 0/32 HPs)
             Began as a Felid Necromancer on Jan 14, 2024.
             Was an Initiate of Gozag.
             Slain by an iguana (11 damage)
             ... on level 4 of the Dungeon.
             The game lasted 00:15:26 (5043 turns).

croobank the Sneak (Felid Necromancer)              Turns: 5043, Time: 00:15:27

Health: 0/32       AC:  2    Str:  4    XL:     6   Next: 24%
Magic:  9/11       EV: 19    Int: 20    God:    Gozag
Gold:   674        SH:  0    Dex: 17    Spells: 9/10 levels left
                                        Lives:  0   Deaths: 2

rFire   . .          .
                       - Unarmed
rCold   . . .        (shield unavailable)
rNeg    . . .        (body armour unavailable)
rPois   +            (helmet unavailable)
rElec   .            (cloak unavailable)
rCorr   .            (gloves unavailable)
SInv    +            (boots unavailable)
Will    .....        (no amulet)
Stlth   +++          (no ring)
HPRegen 0.25/turn    (no ring)
MPRegen 0.12/turn

%: no passive effects
@: no status effects
A: very small, claws 1, fangs 3, see invisible, shaggy fur 2, stealthy paws, no
weapons or thrown items, no armour, multi-lived, horns 2, poison resistance
a: Renounce Religion, Potion Petition, Call Merchant, Bribe Branch


You were on level 4 of the Dungeon.
You worshipped Gozag.
Gozag was pleased with you.
You visited 1 branch of the dungeon, and saw 4 of its levels.

You collected 734 gold pieces.
You spent 60 gold pieces at shops.

Inventory:

Talismans
 h - a serpent talisman
Scrolls
 b - a scroll of teleportation
 d - a scroll of identify
Potions
 a - a potion of enlightenment
 c - 3 potions of curing
 g - a potion of heal wounds


   Skills:
 * Level 2.8 Fighting
 + Level 4.3 Dodging
 + Level 4.7 Stealth
 + Level 1.8 Unarmed Combat
 + Level 2.9 Spellcasting
 + Level 4.6 Necromancy


You had 9 spell levels left.
You knew the following spells:

 Your Spells              Type           Power      Damage    Failure   Level
a - Necrotise             Necr           84%        1d8       1%          1

Your spell library contained the following spells:

 Spells                   Type           Power      Damage    Failure   Level
 Sublimation of Blood     Necr           21%        N/A       3%          2
 Vampiric Draining        Necr           21%        2d7       6%          3
 Apportation              Tloc           4%         N/A       14%         1
 Call Imp                 Summ           4%         N/A       22%         2
 Jinxbite                 Hex            4%         N/A       22%         2
 Ozocubu's Armour         Ice            2%         N/A       41%         3
 Curse of Agony           Necr           21%        N/A       50%         5
 Alistair's Intoxication  Alch           1%         N/A       99%         5
 Metabolic Englaciation   Hex/Ice        1%         N/A       99%         5
 Sculpt Simulacrum        Ice/Alch       1%         N/A       100%        6
 Summon Hydra             Summ           1%         N/A       100%        7
 Animate Dead             Necr           Unusable   N/A       N/A         4

Dungeon Overview and Level Annotations

Branches:
Dungeon (4/15)
 Temple: D:4-7

Altars:
Fedhas
Gozag

Shops:
D:2 *

Annotations:
D:2 !Gnoll Shaman


Innate Abilities, Weirdness & Mutations

You have sharp claws.
You have razor-sharp teeth.
You have supernaturally acute eyesight. (SInv)
You are covered in thick fur. (AC +2)
Your paws help you pounce on unaware monsters.
You are incapable of wielding weapons or throwing items.
You cannot wear armour.
You gain extra lives every three experience levels.
You have a pair of horns on your head.
Your system is resistant to poisons. (rPois)


Message History

Found 4 stones.
You scratch the iguana.
The iguana is lightly wounded.
The iguana barely misses you.
You scratch the iguana but do no damage.
Your headbutt misses the iguana.
The iguana is lightly wounded.
The iguana bites you.
You scratch the iguana but do no damage.
The iguana is lightly wounded.
The iguana misses you.
You scratch the iguana but do no damage.
Your headbutt misses the iguana.
The iguana is lightly wounded.
The iguana bites you!
You scratch the iguana.
The iguana is lightly wounded.
The iguana bites you.
You scratch the iguana. You headbutt the iguana.
The iguana is moderately wounded.
The iguana barely misses you.
You barely miss the iguana.
The iguana is moderately wounded.
The iguana closely misses you.
Casting: Necrotise (safe; 1% risk of failure)
Confirm with . or Enter, or press ? or * to list all spells.
Aiming: Necrotise (safe; 1% risk of failure)
Press: ? - help, Shift-Dir - straight line, f - iguana
Aim: an iguana (moderately wounded, chance to affect: 85%)
The iguana barely resists.
The iguana bites you!
Casting: Necrotise (safe; 1% risk of failure)
Confirm with . or Enter, or press ? or * to list all spells.
Aiming: Necrotise (safe; 1% risk of failure)
Press: ? - help, Shift-Dir - straight line, f/p - iguana
Aim: an iguana (moderately wounded, chance to affect: 85%)
The iguana writhes in agony.
The iguana hisses menacingly.
The iguana bites you!
You die...
Your body crumbles into a pile of gold.

##..§#####.≈..##..
#.≈._.≈.#
#..≈.......≈..###
#.≈...≈.#
#..≈≈≈≈≈≈§≈≈§#
+.......+
#............#####.
####+####
#..................
###########.######
#...########
#..........#
#....@l....#
#..........#
#..........#
#..........#
###.(....###
.......# #........
#.......##


You could see an iguana.

Vanquished Creatures
  A bullfrog (D:3)
  A hound (D:4)
  A gnoll bouda (D:2)
  4 gnolls
  7 adders
  6 dart slugs
  2 ribbon worms
  4 orcs (D:4)
  5 ball pythons
  12 endoplasms
  5 giant cockroaches
  7 hobgoblins
  3 jackals (D:1)
  3 quokkas
  4 bats
  2 frilled lizards
  7 goblins
  9 kobolds
  5 rats
88 creatures vanquished.

Notes
Turn   | Place    | Note
-------+----------+-------------------------------------------
     0 | D:1      | croobank the Felid Necromancer began the quest for the Orb.
     0 | D:1      | Reached XP level 1. HP: 9/9 MP: 4/4
   223 | D:1      | Found a faded altar of an unknown god.
   226 | D:1      | Prayed at the altar of an unknown god.
   226 | D:1      | Became a worshipper of Gozag Ym Sagoz the Greedy
   256 | D:1      | Reached XP level 2. HP: 13/13 MP: 1/6
   760 | D:1      | Reached XP level 3. HP: 6/17 MP: 5/7
  1701 | D:2      | Reached skill level 1 in Fighting
  2033 | D:2      | Reached XP level 4. HP: 22/22 MP: 4/8
  2033 | D:2      | Gained a life (2 lives remaining)
  2491 | D:2      | Found Wobiutie's General Store.
  2603 | D:2      | Bought a scroll of teleportation for 36 gold pieces
  2603 | D:2      | Bought a scroll of identify for 24 gold pieces
  2689 | D:2      | Reached skill level 1 in Unarmed Combat
  2896 | D:3      | Noticed a bullfrog
  2907 | D:3      | Slain by a bullfrog
  2907 | D:3      | Lost a life (1 life remaining)
  3162 | D:3      | Gained mutation: You have a pair of small horns on your
                  | head. [potion of mutation]
  3162 | D:3      | Gained mutation: You have a pair of horns on your head.
                  | [potion of mutation]
  3162 | D:3      | Gained mutation: Your system is resistant to poisons.
                  | (rPois) [potion of mutation]
  3169 | D:3      | Killed a bullfrog
  3170 | D:3      | Reached XP level 5. HP: 18/26 MP: 8/10
  3403 | D:2      | Slain by a gnoll
  3403 | D:2      | Lost a life (0 lives remaining)
  4393 | D:4      | Gained mutation: You are covered in thick fur. (AC +2)
                  | [Felid growth]
  4393 | D:4      | Reached XP level 6. HP: 32/32 MP: 11/11
  4824 | D:4      | Found an opulent altar of Gozag.
  4937 | D:4      | Found a blossoming altar of Fedhas.
  5043 | D:4      | Slain by an iguana

Illustrated notes

Levels and vault maps discovered:
D:1:      spicycebolla_arrival_xxxplode, layout_loops_ring,
          hellmonk_ecumenical_altar_heavens_door
D:2:      layout_rooms, serial_shops, nicolae_shop_behind_doors, serial_glass,
          glass_columns_a, glass_columns_b, due_unseen_surprise
D:3:      layout_loops_corners
D:4:      layout_basic, mainiacjoe_overflow_six_doors_small,
          mainiacjoe_overflow_brackets, bh_walls_and_bars

Skill      XL: |  1  2  3  4  5 |
---------------+----------------+-----
Stealth        | 3 4 |  4.7
Dodging        | 3 4 |  4.3
Fighting       | 1 2 |  2.8
Unarmed Combat | 1 |  1.8
Spellcasting   | |  2.9
Necromancy     | |  4.6

Action                     |  1- 3 |  4- 6 || total
---------------------------+-------+-------++-------
  Melee: Unarmed           |    34 |   115 ||   149
         Bite              |     4 |    10 ||    14
         Headbutt          |       |    18 ||    18
         Punch             |       |     1 ||     1
   Cast: Necrotise         |    78 |    49 ||   127
    Use: Potion            |     1 |     2 ||     3
         Scroll            |       |    10 ||    10
   Stab: Sleeping          |     2 |     9 ||    11
         Distracted        |     1 |       ||     1
 Armour: Skin              |    21 |    37 ||    58
  Dodge: Dodged            |    50 |    88 ||   138

Table legend: (Time is in decaauts)
 A = Elapsed time spent in this place.
 B = Non-inter-level travel time spent in this place.
 C = Inter-level travel time spent in this place.
 D = Time resting spent in this place.
 E = Time spent auto-exploring this place.
 F = Levels seen in this place.
 G = Mean time per level.
                   A        B        C        D        E       F      G
               +--------+--------+--------+--------+--------+-----+--------+
         Total |   5044 |   5004 |     40 |   1777 |   2198 |   4 | 1261.0 |
       Dungeon |   5044 |   5004 |     40 |   1777 |   2198 |   4 | 1261.0 |
               +--------+--------+--------+--------+--------+-----+--------+

Top non-repeatable levels by time:
     D:2: 1684 daAuts
     D:1: 1635 daAuts
     D:3: 920 daAuts
     D:4: 802 daAuts
